 Dungeon Crawl Stone Soup version 0.27-a0-1090-gb115f176c6 (webtiles) character file.

Game seed: 15989754798056728631

15 1player the Skirmisher (level 2, -2/24 HPs)
             Began as a Formicid Abyssal Knight on Apr 27, 2021.
             Was a Follower of Lugonu.
             Slain by a jackal (3 damage)
             ... on level 1 of the Dungeon.
             The game lasted 00:03:27 (1113 turns).

1player the Skirmisher (Formicid Abyssal Knight)    Turns: 1113, Time: 00:03:27

Health: -2/24      AC:  3    Str: 16    XL:     2   Next: 65%
Magic:  3/3        EV: 11    Int: 11    God:    Lugonu [*.....]
Gold:   6          SH:  0    Dex: 10    Spells: 1/1 levels left

rFire    . . .     SeeInvis +   f - +0 whip
rCold    . . .     Faith    .   (no shield)
rNeg     . . .     Spirit   .   b - +0 leather armour
rPois    .         Reflect  .   (helmet unavailable)
rElec    .         Harm     .   (no cloak)
rCorr    .         Rampage  .   (no gloves)
Will     .....                  (no boots)
Stlth    +.........             (no amulet)
HPRegen  0.08/turn              (no ring)
MPRegen  0.08/turn              (no ring)

@: no status effects
A: permanent stasis, dig shafts and tunnels, antennae 3, four strong arms
a: Dig, Shaft Self, Renounce Religion, Depart the Abyss


You were on level 1 of the Dungeon.
You worshipped Lugonu.
Lugonu was aware of your devotion.
You visited 1 branch of the dungeon, and saw 1 of its levels.
You visited the Abyss 1 time.

You collected 6 gold pieces.

Inventory:

Hand Weapons
 a - a +1 mace
 d - a +0 short sword
 f - a +0 whip (weapon)
Armour
 b - a +0 leather armour (worn)
Scrolls
 c - a scroll of identify {unknown}
Potions
 e - a potion of curing {unknown}
 g - a potion of degeneration {unknown}


   Skills:
 - Level 3.2 Fighting
 + Level 2.9 Maces & Flails
 - Level 2.1 Armour
 - Level 0.8 Dodging
 - Level 1.0 Poison Magic
 - Level 2.1 Invocations


You had one spell level left.
You didn't know any spells.
Your spell library was empty.

Dungeon Overview and Level Annotations

Branches:
Dungeon (1/15)

Altars:


Innate Abilities, Weirdness & Mutations

You cannot be hasted, slowed, berserked, paralysed or teleported.
You can dig through walls and to a lower floor.
You have a pair of large antennae on your head. (SInv)
Your four strong arms can wield two-handed weapons with a shield.


Message History

The floor.
You hit the jackal but do no damage.
The jackal is almost dead.
The jackal barely misses you. x2
You closely miss the jackal.
The jackal is almost dead.
The jackal barely misses you.
You closely miss the jackal.
The jackal is almost dead.
The jackal bites you.
You closely miss the jackal.
The jackal is almost dead.
The jackal bites you. x2
* * * LOW HITPOINT WARNING * * *
The jackal bites you but does no damage.
The jackal barely misses you.
You are too injured to fight recklessly!
You are too injured to fight recklessly!
The jackal closely misses you. The jackal bites you.
* * * LOW HITPOINT WARNING * * *
The jackal barely misses you. The jackal bites you.
* * * LOW HITPOINT WARNING * * *
The jackal bites you but does no damage.
The jackal bites you.
* * * LOW HITPOINT WARNING * * *
The jackal bites you but does no damage.
You see here a +0 robe.
There is a shaft, spattered with blood here.
Your leather armour prevents you from hitting the jackal.
The jackal is almost dead.
The jackal bites you but does no damage.
The jackal bites you.
* * * LOW HITPOINT WARNING * * *
The jackal closely misses you.
The jackal bites you but does no damage.
You see here 3 stones.
The jackal bites you.
You die...

#.##.##.# #.# #.#
#.##.##.# #.# #.#
#.##.##.## #†# #.#
#.##.#.#.#####h# #.#
#.#...###....#.# #.#
#.#.##.#..##.#.# #.#
#.#.###.#.##.#.###.######
#.#.###.#....†...........
#.÷..#.(@###[#.#.########
#........h.#^#.#.#
##...#...#(#.#.#.#
##.###..........#
#..........#####
############


You could see a jackal.

Vanquished Creatures
  A giant cockroach (D:1)
  A goblin (D:1)
  3 hobgoblins (D:1)
  3 jackals (D:1)
  2 frilled lizards (D:1)
  2 kobolds (D:1)
  2 rats (D:1)
14 creatures vanquished.

Vanquished Creatures (others)
  8 fungi (D:1)
  4 toadstools (D:1)
12 creatures vanquished.

Grand Total: 26 creatures vanquished

Notes
Turn   | Place    | Note
-------+----------+-------------------------------------------
     0 | Abyss:1  | 1player the Formicid Abyssal Knight began the quest for the
                  | Orb.
     0 | Abyss:1  | Reached XP level 1. HP: 18/18 MP: 2/2
    28 | Abyss:1  | Found a corrupted altar of Lugonu.
    37 | Abyss:1  | Found a corrupted altar of Lugonu.
    39 | Abyss:1  | Noticed a small abomination
    44 | D:1      | Escaped the Abyss
   173 | D:1      | Reached skill level 1 in Poison Magic
   756 | D:1      | Reached XP level 2. HP: 22/24 MP: 3/3
  1044 | D:1      | Reached * piety under Lugonu
  1108 | D:1      | HP: 1/24 [jackal (3)]
  1113 | D:1      | Slain by a jackal

Illustrated notes

Levels and vault maps discovered:
D:1:      saegor_arrival_simple_b, layout_loops_ring, minmay_gold_behind_fungi,
          minmay_tetromino_l4

Skill      XL: |  1 |
---------------+----+-----
Poison Magic   | 1 |  1.0
Fighting       | |  3.2
Maces & Flails | |  2.9
Armour         | |  2.1
Dodging        | |  0.8
Invocations    | |  2.1

Action                   || total
-------------------------++-------
Melee: Mace              ||    30
       Whip              ||    47
Invok: Depart the Abyss  ||     1
Armor: Leather armour    ||    15
Dodge: Dodged            ||    51

Table legend: (Time is in decaauts)
 A = Elapsed time spent in this place.
 B = Non-inter-level travel time spent in this place.
 C = Inter-level travel time spent in this place.
 D = Time resting spent in this place.
 E = Time spent auto-exploring this place.
 F = Levels seen in this place.
 G = Mean time per level.
                   A        B        C        D        E       F      G
               +--------+--------+--------+--------+--------+-----+--------+
         Total |   1118 |   1118 |      0 |    432 |    211 |   2 |  559.0 |
       Dungeon |   1074 |   1074 |      0 |    432 |    174 |   1 | 1074.0 |
         Abyss |     44 |     44 |      0 |      0 |     37 |   1 |   44.0 |
               +--------+--------+--------+--------+--------+-----+--------+

Top non-repeatable levels by time:
     D:1: 1074 daAuts
 Abyss:1: 44 daAuts
